 Dungeon Crawl Stone Soup version 0.29.0-4-gdea44cf6ec (webtiles) character file.

Game seed: 4263769163947268853

6087 qw the Severer (level 10, -17/136 HPs)
             Began as a Minotaur Berserker on Sept 9, 2022.
             Was an Elder of Trog.
             Demolished by a komodo dragon (21 damage)
             ... on level 1 of the Lair of Beasts.
             The game lasted 00:03:22 (10087 turns).

qw the Severer (Minotaur Berserker)                Turns: 10087, Time: 00:03:23

Health: -17/136    AC: 20    Str: 27    XL:     10   Next: 58%
Magic:  9/9        EV: 10    Int:  4    God:    Trog [****..]
Gold:   286        SH:  0    Dex: 15    Spells: 9/9 levels left

rFire   . . .      SeeInvis .   Y - +2 war axe
rCold   . . .      Faith    .   (no shield)
rNeg    . . .      Spirit   .   s - +0 chain mail
rPois   .          Reflect  .   (helmet restricted)
rElec   .          Harm     .   n - +2 cloak
rCorr   .          Rampage  .   t - +0 pair of gloves
Will    .....                   q - +0 pair of boots
Stlth   ..........              (no amulet)
HPRegen 0.32/turn               e - +6 ring of dexterity
MPRegen 0.11/turn               g - +4 ring of protection

@: berserking, about to teleport, very quick
A: horns 2, retaliatory headbutt
a: Renounce Religion, Berserk, Trog's Hand, Brothers in Arms


You were on level 1 of the Lair of Beasts.
You worshipped Trog.
Trog was greatly pleased with you.
You visited 2 branches of the dungeon, and saw 9 of its levels.

You collected 432 gold pieces.
You spent 146 gold pieces at shops.


Innate Abilities, Weirdness & Mutations

You have a pair of horns on your head.
You reflexively headbutt those who attack you in melee.


   Skills:
 - Level 9.4 Fighting
 + Level 15.1 Axes
 - Level 1.4 Throwing
 - Level 7.4 Armour
 - Level 4.0 Dodging


You had 9 spell levels left.
You didn't know any spells.
Your spell library was empty.

Inventory:

Hand Weapons
 r - a +0 morningstar
 Y - a +2 war axe (weapon)
Missiles
 k - 4 boomerangs (quivered)
Armour
 n - a +2 cloak (worn)
 q - a +0 pair of boots (worn)
 s - a +0 chain mail (worn)
 t - a +0 pair of gloves (worn)
Jewellery
 b - a ring of fire
 e - a +6 ring of dexterity (left hand)
 g - a +4 ring of protection (right hand)
 o - a ring of ice
 u - a ring of fire
Scrolls
 c - a scroll of teleportation
 j - a scroll of identify
Potions
 a - 3 potions of haste
 d - a potion of curing
 f - a potion of mutation
 h - a potion of brilliance {unknown}
 i - a potion of resistance {unknown}
 l - a potion of invisibility {unknown}
 m - a potion of might

Dungeon Overview and Level Annotations

Branches:
Dungeon (8/15)             Temple (0/1) D:4            Lair (1/5) D:8

Altars:
Elyvilon
Gozag
Okawaru
Trog

Shops:
D:4 (:([

Annotations:
D:3 2 transporters
D:6 1 runed translucent door, Crazy Yiuf


Message History

You feel yourself speed up. The wolf bites you but does no damage.
You slash the wolf!
You headbutt the wolf, but do no damage.
The wolf is severely wounded.
Your surroundings suddenly seem different.
Enter note: You start resting.
You recover from your berserk rage.
A komodo dragon comes into view.
Throw: 4 boomerangs
Press: ? - help, Q - select action Shift-Dir - straight line, f - komodo dragon You throw a boomerang.
The boomerang hits the komodo dragon.
The komodo dragon is lightly wounded.
Throw: 4 boomerangs
Press: ? - help, Q - select action Shift-Dir - straight line, f/p - komodo dragon You throw a boomerang.
The boomerang hits the komodo dragon but does no damage.
The komodo dragon is lightly wounded.
Throw: 4 boomerangs
Press: ? - help, Q - select action Shift-Dir - straight line, f/p - komodo dragon You throw a boomerang.
The boomerang hits the komodo dragon!
The komodo dragon is moderately wounded.
Throw: 4 boomerangs
Press: ? - help, Q - select action Shift-Dir - straight line, f/p - komodo dragon You throw a boomerang.
The boomerang barely misses the komodo dragon.
10084 ||| READING 2 scrolls of teleportation.
As you read the scroll of teleportation, it crumbles to dust.
You feel strangely unstable.
10085 ||| INVOKING Berserk.
A red film seems to cover your vision as you go berserk!
You feel yourself moving faster!
You feel mighty! The komodo dragon bites you!!
You completely miss the komodo dragon.
The komodo dragon is moderately wounded.
You slice the komodo dragon!!
The komodo dragon is almost dead.
The komodo dragon bites you!!
You die...

###
#.##.##.####P#
.......@.....#
#.....l.......#
#............##
#.............#
#.............#
.............##
.............#
.............#


You could see a komodo dragon.

Vanquished Creatures
  A black mamba (Lair:1)
  3 komodo dragons
  Prince Ribbit (D:7)
  Grinder (D:6)
  2 hornets (D:8)
  A wyvern (D:8)
  10 yaks
  An acid dragon (D:8)
  4 ice beasts
  A sky beast (D:7)
  A wolf (Lair:1)
  2 ogres
  4 centaurs
  Blork the orc (D:5)
  A necrophage (D:7)
  4 scorpions
  2 bullfrogs (D:8)
  An electric eel (Lair:1)
  4 orc priests
  4 hounds
  A jelly (D:5)
  A gnoll bouda (D:5)
  5 iguanas
  7 orc wizards
  8 gnolls
  6 adders
  2 shadow imps
  A white imp (D:6)
  An ufetubus (D:6)
  A dart slug (D:1)
  3 worms
  28 orcs
  6 endoplasms
  2 giant cockroaches
  10 goblins
  9 hobgoblins
  6 jackals
  11 kobolds
  2 quokkas
  9 ball pythons
  7 bats
  7 frilled lizards
  9 rats
191 creatures vanquished.

Vanquished Creatures (others)
  2 fungi (Lair:1)
  7 plants
9 creatures vanquished.

Grand Total: 200 creatures vanquished

Notes
Turn   | Place    | Note
-------+----------+-------------------------------------------
     0 | D:1      | qw the Minotaur Berserker began the quest for the Orb.
     0 | D:1      | Reached XP level 1. HP: 19/19 MP: 0/0
     0 | D:1      | 0 ||| qw: Version: 0.1-a-113-g051387a
     0 | D:1      | 0 ||| qw: Game counter: 6954
     0 | D:1      | 0 ||| qw: Always use a shield: true
     0 | D:1      | 0 ||| qw: Do Orc after D:15 true
     0 | D:1      | 0 ||| qw: Do second Lair branch before Depths: true
     0 | D:1      | 0 ||| qw: Lair rune preference: random
     0 | D:1      | 0 ||| qw: Plans: Normal
     0 | D:1      | 0 ||| PLANNING D:1-11
    10 | D:1      | 10 ||| Stepping ~*~*~tactically~*~*~ (stealth).
    11 | D:1      | 11 ||| Stepping ~*~*~tactically~*~*~ (stealth).
    51 | D:1      | Reached skill level 4 in Axes
   112 | D:1      | Reached XP level 2. HP: 21/26 MP: 1/1
   184 | D:1      | 184 ||| Stepping ~*~*~tactically~*~*~ (hiding).
   487 | D:1      | Reached ** piety under Trog
   568 | D:1      | 568 ||| DROPPING +0 club.
   723 | D:1      | Reached skill level 5 in Axes
   834 | D:1      | Reached XP level 3. HP: 24/31 MP: 2/2
   960 | D:1      | Found a white marble altar of Elyvilon.
   995 | D:1      | 995 ||| UPGRADING to +0 ring mail.
  1005 | D:1      | 1005 ||| DROPPING +0 animal skin.
  1006 | D:1      | 1006 ||| UPGRADING to +2 cloak.
  1011 | D:1      | 1011 ||| UPGRADING to +6 ring of dexterity.
  1012 | D:1      | 1012 ||| READING 3 scrolls labelled LAMODE WUZUEGG.
  1013 | D:1      | 1013 ||| READING scroll labelled XEOGUY MIBBUNA.
  1014 | D:1      | 1014 ||| READING 3 scrolls labelled NOMELAILIX.
  1015 | D:1      | 1015 ||| READING scroll labelled JEADEL ZOEWOU.
  1018 | D:1      | 1018 ||| READING scroll labelled MIM SI PEDIOKH.
  1019 | D:1      | 1019 ||| DROPPING 2 scrolls of fog.
  1020 | D:1      | 1020 ||| DROPPING 2 scrolls of summoning.
  1035 | D:2      | 1035 ||| STAIRDANCE
  1041 | D:2      | 1041 ||| STAIRDANCE
  1233 | D:2      | 1233 ||| INVOKING Berserk.
  1253 | D:2      | 1253 ||| Stepping ~*~*~tactically~*~*~ (stealth).
  1254 | D:2      | 1254 ||| Stepping ~*~*~tactically~*~*~ (stealth).
  1391 | D:2      | 1391 ||| Stepping ~*~*~tactically~*~*~ (stealth).
  1682 | D:2      | 1682 ||| READING 2 scrolls labelled PAINOA QELEALU.
  1683 | D:2      | 1683 ||| READING scroll labelled PAASOSKURIGG.
  1684 | D:2      | 1684 ||| READING scroll labelled BIUQEW BOGREH.
  1685 | D:2      | 1685 ||| READING scroll labelled EMIFRUELEA.
  1686 | D:2      | 1686 ||| DRINKING 2 bubbling purple potions.
  1687 | D:2      | 1687 ||| DROPPING scroll of fear.
  1688 | D:2      | 1688 ||| DROPPING potion of degeneration.
  1753 | D:3      | Found a transporter.
  1775 | D:3      | 1775 ||| Stepping ~*~*~tactically~*~*~ (stealth).
  1828 | D:3      | Reached skill level 6 in Axes
  1828 | D:3      | Reached XP level 4. HP: 39/39 MP: 3/3
  1883 | D:3      | Found a transporter.
  2057 | D:3      | Found an iron altar of Okawaru.
  2508 | D:3      | 2508 ||| UPGRADING to +4 ring of protection.
  2509 | D:3      | 2509 ||| DRINKING 2 murky blue potions.
  2527 | D:4      | 2527 ||| Stepping ~*~*~tactically~*~*~ (stealth).
  2529 | D:4      | 2529 ||| Stepping ~*~*~tactically~*~*~ (stealth).
  2530 | D:4      | 2530 ||| Stepping ~*~*~tactically~*~*~ (stealth).
  2531 | D:4      | 2531 ||| Stepping ~*~*~tactically~*~*~ (stealth).
  2532 | D:4      | 2532 ||| Stepping ~*~*~tactically~*~*~ (stealth).
  2537 | D:4      | 2537 ||| Stepping ~*~*~tactically~*~*~ (stealth).
  2538 | D:4      | 2538 ||| INVOKING Berserk.
  2549 | D:4      | Reached XP level 5. HP: 45/45 MP: 4/4
  2660 | D:4      | Found Eddeud's Weapon Shop.
  2669 | D:4      | 2669 ||| BUYING +0 war axe (38 gold).
  2669 | D:4      | Bought a +0 war axe for 38 gold pieces
  2669 | D:4      | 2669 ||| SWAPPING to +0 war axe.
  2670 | D:4      | 2670 ||| DROPPING +0 hand axe.
  2736 | D:4      | Reached skill level 7 in Axes
  2836 | D:4      | 2836 ||| Stepping ~*~*~tactically~*~*~ (stealth).
  2839 | D:4      | Reached *** piety under Trog
  2842 | D:4      | 2842 ||| INVOKING Berserk.
  2937 | D:4      | Noticed an ogre
  2938 | D:4      | 2938 ||| Stepping ~*~*~tactically~*~*~ (stealth).
  2939 | D:4      | 2939 ||| Stepping ~*~*~tactically~*~*~ (stealth).
  2942 | D:4      | 2942 ||| DROPPING +0 whip of electrocution.
  2951 | D:4      | 2951 ||| INVOKING Berserk.
  2956 | D:4      | Killed an ogre
  2957 | D:4      | Reached XP level 6. HP: 53/53 MP: 5/5
  3076 | D:4      | Found an opulent altar of Gozag.
  3104 | D:4      | Reached skill level 8 in Axes
  3173 | D:4      | Found Tarr's Weapon Shop.
  3187 | D:4      | 3187 ||| DROPPING +0 flail.
  3208 | D:4      | Found a staircase to the Ecumenical Temple.
  3239 | D:4      | Found Waobooc's Book Emporium.
  3336 | D:4      | Found Rassan's Armour Boutique.
  3350 | D:4      | 3350 ||| BUYING +0 pair of boots (54 gold).
  3350 | D:4      | Bought a +0 pair of boots for 54 gold pieces
  3350 | D:4      | 3350 ||| BUYING +0 pair of gloves (54 gold).
  3350 | D:4      | Bought a +0 pair of gloves for 54 gold pieces
  3350 | D:4      | 3350 ||| SHOPLISTING +0 pair of gloves "Dum Xama" {Fly
                  | MP+9} (390 gold, have 6).
  3350 | D:4      | 3350 ||| SHOPLISTING +1 pair of gloves (138 gold, have 6).
  3350 | D:4      | 3350 ||| SHOPLISTING +2 scale mail of cold resistance (252
                  | gold, have 6).
  3398 | D:4      | 3398 ||| Stepping ~*~*~tactically~*~*~ (stealth).
  3405 | D:4      | 3405 ||| FLEEEEING.
  3406 | D:4      | 3406 ||| FLEEEEING.
  3407 | D:4      | 3407 ||| FLEEEEING.
  3408 | D:4      | 3408 ||| FLEEEEING.
  3409 | D:4      | 3409 ||| FLEEEEING.
  3410 | D:4      | 3410 ||| FLEEEEING.
  3411 | D:4      | 3411 ||| FLEEEEING.
  3412 | D:4      | 3412 ||| FLEEEEING.
  3416 | D:4      | 3416 ||| STAIRDANCE
  3570 | D:3      | 3570 ||| UPGRADING to +0 scale mail.
  3580 | D:3      | 3580 ||| DROPPING +0 ring mail.
  3581 | D:3      | 3581 ||| UPGRADING to +0 pair of boots.
  3586 | D:3      | 3586 ||| UPGRADING to +0 chain mail.
  3596 | D:3      | 3596 ||| DROPPING +0 scale mail.
  3597 | D:3      | 3597 ||| UPGRADING to +0 pair of gloves.
  3602 | D:3      | 3602 ||| DRINKING 2 clear potions.
  3603 | D:3      | 3603 ||| READING 2 scrolls of identify.
  3603 | D:3      | 3603 ||| IDENTIFYING bubbling cyan potion
  3604 | D:3      | 3604 ||| DROPPING potion of flight.
  3615 | D:4      | 3615 ||| FLEEEEING.
  3617 | D:4      | 3617 ||| STAIRDANCE
  3715 | D:4      | Reached skill level 3 in Armour
  3735 | D:4      | Found a bloodstained altar of Trog.
  3901 | D:5      | Entered Level 5 of the Dungeon
  4012 | D:5      | 4012 ||| INVOKING Berserk.
  4023 | D:5      | Reached skill level 9 in Axes
  4023 | D:5      | Reached XP level 7. HP: 60/60 MP: 6/6
  4203 | D:5      | 4203 ||| Stepping ~*~*~tactically~*~*~ (stealth).
  4205 | D:5      | 4205 ||| Stepping ~*~*~tactically~*~*~ (stealth).
  4206 | D:5      | 4206 ||| Stepping ~*~*~tactically~*~*~ (stealth).
  4209 | D:5      | 4209 ||| Stepping ~*~*~tactically~*~*~ (hiding).
  4224 | D:5      | 4224 ||| INVOKING Berserk.
  4421 | D:5      | 4421 ||| INVOKING Berserk.
  4536 | D:5      | Reached skill level 10 in Axes
  4591 | D:5      | 4591 ||| INVOKING Berserk.
  4603 | D:5      | HP: 12/62 [poisoned by a gnoll]
  4604 | D:5      | 4604 ||| READING scroll of teleportation.
  4604 | D:5      | HP: 5/62 [poisoned by a gnoll]
  4604 | D:5      | HP: 1/62 [gnoll/+0 spear[a gnoll bouda] (4)]
  4605 | D:5      | 4605 ||| DRINKING potion of heal wounds.
  4606 | D:5      | 4606 ||| INVOKING Trog's Hand.
  4609 | D:5      | HP: 1/62 [poisoned by a gnoll]
  4625 | D:5      | HP: 12/62 [gnoll/+2 spear of venom[a gnoll bouda] (4)]
  4630 | D:5      | HP: 7/62 [poisoned by a gnoll]
  4633 | D:5      | HP: 3/62 [poisoned by a gnoll]
  4669 | D:5      | 4669 ||| FLEEEEING.
  4670 | D:5      | 4670 ||| FLEEEEING.
  4671 | D:5      | 4671 ||| FLEEEEING.
  4673 | D:5      | 4673 ||| FLEEEEING.
  4678 | D:5      | 4678 ||| FLEEEEING.
  4679 | D:5      | 4679 ||| FLEEEEING.
  4682 | D:5      | 4682 ||| FLEEEEING.
  4683 | D:5      | 4683 ||| FLEEEEING.
  4684 | D:5      | 4684 ||| FLEEEEING.
  4685 | D:5      | 4685 ||| FLEEEEING.
  4686 | D:5      | 4686 ||| FLEEEEING.
  4687 | D:5      | 4687 ||| FLEEEEING.
  4688 | D:5      | 4688 ||| FLEEEEING.
  4689 | D:5      | 4689 ||| FLEEEEING.
  4692 | D:5      | 4692 ||| FLEEEEING.
  4693 | D:5      | 4693 ||| FLEEEEING.
  4694 | D:5      | 4694 ||| STAIRDANCE
  4935 | D:4      | 4935 ||| READING 2 scrolls labelled GOTAOB UDDOYCS.
  4936 | D:4      | 4936 ||| READING scroll labelled YBAX YLEYCASUEWE.
  4937 | D:4      | 4937 ||| DRINKING 2 smoky white potions.
  4988 | D:4      | 4988 ||| DROPPING potion of lignification.
  4989 | D:4      | 4989 ||| DROPPING scroll of amnesia.
  4996 | D:5      | Reached XP level 8. HP: 70/70 MP: 7/7
  5020 | D:5      | 5020 ||| Stepping ~*~*~tactically~*~*~ (hiding).
  5021 | D:5      | 5021 ||| Stepping ~*~*~tactically~*~*~ (hiding).
  5032 | D:5      | Reached skill level 6 in Fighting
  5037 | D:5      | 5037 ||| Stepping ~*~*~tactically~*~*~ (hiding).
  5038 | D:5      | 5038 ||| Stepping ~*~*~tactically~*~*~ (hiding).
  5121 | D:5      | 5121 ||| Stepping ~*~*~tactically~*~*~ (stealth).
  5122 | D:5      | 5122 ||| Stepping ~*~*~tactically~*~*~ (stealth).
  5160 | D:5      | 5160 ||| Stepping ~*~*~tactically~*~*~ (stealth).
  5162 | D:5      | Noticed Blork the orc
  5163 | D:5      | 5163 ||| Stepping ~*~*~tactically~*~*~ (stealth).
  5169 | D:5      | 5169 ||| Stepping ~*~*~tactically~*~*~ (hiding).
  5175 | D:5      | 5175 ||| INVOKING Berserk.
  5177 | D:5      | Killed Blork the orc
  5404 | D:5      | 5404 ||| READING scroll labelled TUOVAU XOAFYT.
  5405 | D:5      | 5405 ||| DRINKING 2 fizzy emerald potions.
  5406 | D:5      | 5406 ||| Stepping randomly (stuck).
  5407 | D:5      | 5407 ||| Stepping ~*~*~tactically~*~*~ (cloud).
  5564 | D:6      | Reached skill level 11 in Axes
  5608 | D:6      | 5608 ||| Stepping ~*~*~tactically~*~*~ (hiding).
  5609 | D:6      | 5609 ||| Stepping ~*~*~tactically~*~*~ (hiding).
  5694 | D:6      | Identified the +6 falchion of Truncation {spect, +Blink
                  | rCorr Str-3 Int+5}
  5737 | D:6      | Reached skill level 3 in Dodging
  5819 | D:6      | Found a runed translucent door.
  5820 | D:6      | Noticed Crazy Yiuf
  5880 | D:6      | Noticed Grinder
  5880 | D:6      | Paralysed by Grinder for 2 turns
  5882 | D:6      | 5882 ||| INVOKING Trog's Hand.
  5883 | D:6      | 5883 ||| INVOKING Berserk.
  5887 | D:6      | Killed Grinder
  6119 | D:6      | 6119 ||| INVOKING Berserk.
  6414 | D:6      | Reached skill level 1 in Throwing
  6634 | D:6      | 6634 ||| INVOKING Berserk.
  6638 | D:6      | Reached skill level 12 in Axes
  6638 | D:6      | Reached XP level 9. HP: 44/75 MP: 8/8
  7080 | D:7      | 7080 ||| Stepping ~*~*~tactically~*~*~ (stealth).
  7081 | D:7      | 7081 ||| INVOKING Berserk.
  7084 | D:7      | Reached skill level 13 in Axes
  7150 | D:7      | 7150 ||| Stepping ~*~*~tactically~*~*~ (stealth).
  7151 | D:7      | 7151 ||| Stepping ~*~*~tactically~*~*~ (stealth).
  7163 | D:7      | 7163 ||| Stepping ~*~*~tactically~*~*~ (stealth).
  7175 | D:7      | Reached skill level 6 in Armour
  7177 | D:7      | 7177 ||| Stepping ~*~*~tactically~*~*~ (stealth).
  7178 | D:7      | 7178 ||| Stepping ~*~*~tactically~*~*~ (stealth).
  7180 | D:7      | 7180 ||| INVOKING Berserk.
  7326 | D:7      | 7326 ||| Stepping ~*~*~tactically~*~*~ (hiding).
  7327 | D:7      | 7327 ||| Stepping ~*~*~tactically~*~*~ (hiding).
  7399 | D:7      | Noticed Prince Ribbit
  7400 | D:7      | 7400 ||| INVOKING Berserk.
  7415 | D:7      | Killed Prince Ribbit
  7742 | D:7      | Reached **** piety under Trog
  8128 | D:7      | 8128 ||| DRINKING 2 emerald potions.
  8129 | D:7      | 8129 ||| READING 2 scrolls of identify.
  8129 | D:7      | 8129 ||| IDENTIFYING coppery potion
  8130 | D:7      | 8130 ||| DROPPING potion of ambrosia.
  8183 | D:8      | 8183 ||| FLEEEEING.
  8184 | D:8      | 8184 ||| FLEEEEING.
  8185 | D:8      | 8185 ||| FLEEEEING.
  8186 | D:8      | 8186 ||| FLEEEEING.
  8187 | D:8      | 8187 ||| FLEEEEING.
  8188 | D:8      | 8188 ||| FLEEEEING.
  8189 | D:8      | 8189 ||| FLEEEEING.
  8191 | D:8      | 8191 ||| FLEEEEING.
  8192 | D:8      | 8192 ||| STAIRDANCE
  8227 | D:8      | 8227 ||| STAIRDANCE
  8530 | D:8      | Reached skill level 14 in Axes
  8641 | D:8      | 8641 ||| INVOKING Berserk.
  8643 | D:8      | Reached XP level 10. HP: 59/90 MP: 9/9
  8942 | D:8      | 8942 ||| Stepping ~*~*~tactically~*~*~ (hiding).
  8949 | D:8      | 8949 ||| Stepping ~*~*~tactically~*~*~ (hiding).
  8950 | D:8      | 8950 ||| Stepping ~*~*~tactically~*~*~ (hiding).
  8991 | D:8      | Found a staircase to the Lair.
  9001 | D:8      | 9001 ||| INVOKING Berserk.
  9022 | D:8      | 9022 ||| Stepping ~*~*~tactically~*~*~ (stealth).
  9027 | D:8      | 9027 ||| Stepping ~*~*~tactically~*~*~ (stealth).
  9417 | D:8      | 9417 ||| READING scroll of enchant weapon.
  9417 | D:8      | 9417 ||| ENCHANTING +1 war axe.
  9562 | D:8      | 9562 ||| PLANNING LAIR
  9562 | D:8      | 9562 ||| READING scroll labelled WYONIJ PUINON.
  9563 | D:8      | 9563 ||| READING 2 scrolls of identify.
  9563 | D:8      | 9563 ||| IDENTIFYING ruby potion
  9608 | Lair:1   | Entered Level 1 of the Lair of Beasts
  9610 | Lair:1   | Noticed a black mamba
  9615 | Lair:1   | 9615 ||| INVOKING Berserk.
  9671 | Lair:1   | 9671 ||| Stepping ~*~*~tactically~*~*~ (water).
  9672 | Lair:1   | 9672 ||| INVOKING Berserk.
  9676 | Lair:1   | Reached skill level 15 in Axes
  9932 | Lair:1   | Reached skill level 9 in Fighting
 10013 | Lair:1   | 10013 ||| INVOKING Berserk.
 10021 | Lair:1   | Killed a black mamba
 10025 | Lair:1   | HP: 21/91 [poisoned by a black mamba]
 10030 | Lair:1   | 10030 ||| Stepping ~*~*~tactically~*~*~ (stealth).
 10030 | Lair:1   | HP: 10/91 [poisoned by a black mamba]
 10042 | Lair:1   | 10042 ||| READING 3 scrolls of teleportation.
 10042 | Lair:1   | HP: 4/91 [wolf (8)]
 10084 | Lair:1   | 10084 ||| READING 2 scrolls of teleportation.
 10085 | Lair:1   | 10085 ||| INVOKING Berserk.
 10085 | Lair:1   | HP: 3/136 [komodo dragon (20)]
 10087 | Lair:1   | Demolished by a komodo dragon

Levels and vault maps discovered:
D:1:      sevenhm_arrival_forest_fort_small_6, layout_rooms
D:2:      minmay_wonky_spiral, layout_rooms
D:3:      gammafunk_wand_slinger, layout_basic, okawaru_gym_becter
D:4:      layout_cave_pools, mainiacjoe_overflow_catch_the_wave,
          minmay_temple_entry_poolview, serial_shops,
          nicolae_shop_bloodbath_and_beyond, kennysheep_little_box, shop,
          nicolae_square_shop, lemuel_old_faithful
D:5:      layout_basic, grunt_decor_clamped, uniq_blork_the_orc
D:6:      layout_gridville, uniq_grinder, uniq_crazy_yiuf_cottage
D:7:      corexii_shack_village, layout_basic, uniq_prince_ribbit1
D:8:      layout_basic, david_lair_shrubbed
Lair:1:   layout_small_grid, enter_volcano_2, lemuel_fruit_fields,
          infiniplex_staircase_pool, uniq_gastronok, uniq_joseph

Skill      XL: |  1  2  3  4  5  6  7  8  9 10 |
---------------+-------------------------------+-----
Axes           | 4 5 6 7 9 10 12 14 15 | 15.1
Fighting       | 4 5 6 8 9 |  9.4
Armour         | 3 4 5 6 7 |  7.4
Dodging        | 3 4 |  4.0
Throwing       | 1 |  1.4

Action                   |  1- 3 |  4- 6 |  7- 9 | 10-12 || total
-------------------------+-------+-------+-------+-------++-------
Melee: Hand axe          |   108 |    29 |       |       ||   137
       Headbutt          |    12 |    14 |    36 |    12 ||    74
       Punch             |     1 |     1 |     2 |     2 ||     6
       War axe           |       |    59 |   214 |    73 ||   346
Throw: Boomerang         |       |       |    27 |    10 ||    37
Invok: Berserk           |     1 |     4 |    11 |     5 ||    21
       Trog's Hand       |       |       |     2 |       ||     2
  Use: Scroll            |     9 |     1 |     5 |     5 ||    20
       Potion            |     1 |     2 |     4 |       ||     7
Armor: Animal skin       |     6 |       |       |       ||     6
       Ring mail         |    20 |    15 |       |       ||    35
       Chain mail        |       |    10 |   130 |    27 ||   167
Dodge: Dodged            |    58 |    31 |    95 |    26 ||   210

Table legend:
 A = Non-vault XP
 B = Vault XP
 C = Vault XP percentage of total XP
 D = Non-vault monster count
 E = Vault monster count
 F = Vault count percentage of total count
                 A         B        C        D         E       F
            +---------+---------+-------+---------+---------+-------
      Total |    7654 |    1043 |  12.0 |     177 |      14 |   7.3
            +---------+---------+-------+---------+---------+-------
        D:1 |      44 |       0 |   0.0 |      28 |       0 |   0.0
        D:2 |      44 |       3 |   6.4 |      19 |       2 |   9.5
        D:3 |      22 |       0 |   0.0 |      12 |       0 |   0.0
        D:4 |     460 |       0 |   0.0 |      28 |       0 |   0.0
        D:5 |     944 |     102 |   9.8 |      34 |       1 |   2.9
        D:6 |    1789 |     272 |  13.2 |      20 |       1 |   4.8
        D:7 |     806 |     305 |  27.5 |      11 |       9 |  45.0
        D:8 |    1324 |     361 |  21.4 |      16 |       1 |   5.9
     Lair:1 |    2221 |       0 |   0.0 |       9 |       0 |   0.0
            +---------+---------+-------+---------+---------+-------
